AoeStats
← ska_18

Black Forest

504034857Analyzed
3v3 RM · 1mo ago on Sep 3, 2026· 65m 25s· 6 players
Game mode
Random Map
Map size
Normal (6 player)
Population
200
Speed
Normal
Resources
Standard
Victory
Conquest
Starting age
Dark Age
Ending age
Imperial Age
RankedLock teamsTeams togetherTeam positionsShared explorationLock speedFull tech treeHidden civsTurbo modeCheats
Victory
Defeat
🇦🇹 Saracens · Austria
1061
+16
🇨🇳 Persians · China
1055
+16
🇨🇳 Bohemians · China
1051
+16
🇪🇨 Georgians · Ecuador
1068
-16
1052
-16
🇨🇦 Khmer · Canada
1049
-16
No Atro
10:18 Feudal Age
11:30 Loom
15:12 Castle Age
14:08 Double-Bit Axe
14:06 Horse Collar
16:04 Wheelbarrow
20:55 Bow Saw
22:08 Heavy Plow
24:48 Fletching
25:09 Padded Archer Armor
25:23 Forging
25:18 Scale Barding Armor
25:11 Gold Mining
25:13 Stone Mining
25:14 Gold Mining
26:50 Hand Cart
26:39 Bodkin Arrow
27:20 Elite Skirmisher
28:28 Leather Archer Armor
28:39 Chain Barding Armor
30:21 Gold Shaft Mining
30:22 Stone Shaft Mining
30:02 Bloodlines
29:56 Husbandry
29:27 Light Cavalry
33:42 Imperial Age
34:06 Imperial Age
32:37 Caravan
33:54 Iron Casting
33:49 Ballistics
33:48 Town Watch
34:16 Elite Ballista Elephant
35:01 Double Crossbow
34:56 Hussar
35:40 Bracer
40:15 Blast Furnace
39:51 Plate Barding Armor
40:46 Chemistry
39:53 Siege Engineers
SIR LOOR FAAL
12:47 Feudal Age
18:14 Castle Age
16:59 Double-Bit Axe
19:47 Bow Saw
24:02 Gold Mining
27:41 Imperial Age
26:15 Fishing Lines
27:14 Stone Mining
27:43 Onager
30:43 Husbandry
32:24 Bloodlines
32:55 Forging
36:29 Fortified Wall
37:20 Chemistry
38:20 Squires
38:27 Light Cavalry
39:21 Pikeman
40:35 Scale Mail Armor
41:11 Iron Casting
41:57 Masonry
49:14 Hussar
56:21 Iron Casting
55:51 Scale Barding Armor
59:36 Blast Furnace
[doGs] Charlie the Flamingo.
0:48 Loom
13:44 Feudal Age
18:41 Castle Age
16:49 Horse Collar
16:55 Double-Bit Axe
18:11 Town Watch
18:28 Stone Mining
20:21 Wheelbarrow
20:30 Bow Saw
28:31 Hand Cart
28:22 Heavy Plow
28:49 Gold Mining
29:26 Fishing Lines
30:02 Fortified Wall
31:30 Gold Shaft Mining
31:31 Stone Shaft Mining
32:09 Fervor
34:53 Imperial Age
33:55 Town Patrol
33:39 Treadmill Crane
34:09 Masonry
34:21 Ballistics
33:54 Fletching
34:14 Forging
34:05 Scale Mail Armor
34:35 Eupseong
36:47 Chemistry
35:45 Bodkin Arrow
36:27 Conscription
35:57 Pikeman
36:37 Squires
36:22 Arson
35:59 Elite Fire Lancer
37:42 Siege Engineers
38:08 Architecture
37:02 Halberdier
37:27 Gambesons
38:35 Murder Holes
38:34 Heavy Rocket Cart
40:39 Elite Skirmisher
41:25 Thumb Ring
42:56 Bracer
43:31 Iron Casting
43:12 Chain Mail Armor
42:45 Arrowslits
43:24 Sanctity
45:58 Shinkichon
45:44 Elite War Wagon
48:34 Light Cavalry
49:15 Husbandry
50:15 Crossbowman
50:47 Hussar
50:47 Cavalier
51:59 Arbalester
53:16 Plate Mail Armor
54:11 Gillnets
56:45 Two-Man Saw
Noob_Forever
10:19 Feudal Age
15:33 Castle Age
14:00 Double-Bit Axe
14:22 Horse Collar
18:54 Bow Saw
21:58 Heavy Plow
28:16 Imperial Age
26:17 Pikeman
26:58 Squires
28:08 Chemistry
27:58 Wheelbarrow
27:16 Loom
27:49 Scale Mail Armor
27:59 Forging
27:40 Fletching
28:49 Halberdier
29:49 Chain Mail Armor
30:10 Iron Casting
32:25 Plate Mail Armor
33:39 Siege Engineers
37:27 Houfnice
38:58 Conscription
38:47 Wagenburg Tactics
38:57 Masonry
40:26 Caravan
41:27 Hand Cart
43:19 Arson
44:43 Blast Furnace
43:39 Bodkin Arrow
43:45 Padded Archer Armor
43:51 Scale Barding Armor
45:45 Light Cavalry
46:26 Husbandry
48:47 Chain Barding Armor
48:30 Bracer
56:33 Town Watch
57:49 Fervor
58:00 Sanctity
57:37 Herbal Medicine
60:23 Town Patrol
ska_18
1:19 Loom
11:42 Feudal Age
13:57 Town Watch
14:05 Double-Bit Axe
16:39 Castle Age
14:38 Horse Collar
18:20 Bow Saw
18:49 Wheelbarrow
19:54 Town Watch
23:29 Fervor
23:42 Gold Mining
23:42 Stone Mining
25:45 Forging
26:27 Gold Shaft Mining
26:09 Heavy Plow
26:58 Scale Barding Armor
26:44 Fletching
29:03 Hand Cart
30:10 Sanctity
33:10 Imperial Age
30:47 Murder Holes
32:03 Chain Barding Armor
32:18 Iron Casting
31:39 Bodkin Arrow
31:27 Treadmill Crane
31:59 Fortified Wall
33:11 Caravan
33:42 Coinage
34:07 Bimaristan
34:34 Conscription
33:35 Elite Mameluke
35:17 Chemistry
35:09 Plate Barding Armor
34:38 Husbandry
34:00 Light Cavalry
34:52 Bloodlines
36:30 Blast Furnace
36:16 Bracer
36:23 Town Patrol
36:52 Masonry
38:39 Banking
39:17 Two-Man Saw
43:06 Hoardings
44:58 Hussar
49:10 Siege Engineers
55:15 Ballistics
54:45 Guard Tower
54:41 Arrowslits
54:20 Heavy Camel Rider
55:41 Herbal Medicine
55:46 Devotion
2288741
11:58 Feudal Age
13:29 Gold Mining
16:39 Castle Age
15:02 Double-Bit Axe
16:49 Fletching
16:59 Padded Archer Armor
19:32 Stone Mining
20:58 Loom
21:53 Wheelbarrow
23:19 Horse Collar
25:37 Town Watch
28:54 Imperial Age
27:21 Hand Cart
28:59 Gold Shaft Mining
28:28 Kamandaran
28:49 Thumb Ring
29:18 Leather Archer Armor
29:17 Bow Saw
29:34 Conscription
28:39 Crossbowman
32:12 Ring Archer Armor
32:00 Bodkin Arrow
34:38 Ballistics
39:34 Town Patrol
39:47 Forging
39:43 Scale Barding Armor
41:14 Chemistry
41:18 Two-Man Saw
44:46 Pikeman
45:26 Squires
46:05 Iron Casting
45:51 Chain Barding Armor
48:34 Plate Barding Armor
49:00 Blast Furnace
48:10 Cavalier
49:01 Bloodlines
50:41 Heavy Plow
51:25 Husbandry
50:49 Heavy Camel Rider
56:03 Elite War Elephant
Connection lost

Rejoining the realm…

Still unreachable

The connection could not be restored.

Session expired

The server has moved on; the page needs a fresh start.